 Dungeon Crawl Stone Soup version 0.26.1-10-gdfb7c7de75 (webtiles) character file.

Game seed: 718405941967130805

545 Revguard the Stinger (level 7, -12/79 HPs)
             Began as a Green Draconian Venom Mage on Apr 3, 2021.
             Was a Believer of Cheibriados.
             Mangled by an ogre
             ... wielding a cursed -1 giant spiked club
              (13 damage)
             ... on level 5 of the Dungeon.
             The game lasted 00:17:09 (5765 turns).

Revguard the Stinger (Green Draconian Venom Mage)   Turns: 5765, Time: 00:17:09

Health: -12/79     AC:  9    Str: 16    XL:     7   Next: 6%
Magic:  4/12       EV: 13    Int: 22    God:    Cheibriados [**....]
Gold:   291        SH:  0    Dex: 16    Spells: 4/13 levels left

rFire    . . .     SeeInvis .   e - +1 short sword (venom)
rCold    . . .     Faith    .   (no shield)
rNeg     . . .     Spirit   .   (armour unavailable)
rPois    +         Reflect  .   (helmet restricted)
rElec    .         Harm     .   n - +0 cloak
rCorr    .         Rampage  .   (no gloves)
Will     .....                  a - +1 pair of boots
Stlth    ..........             (no amulet)
HPRegen  0.23/turn              (no ring)
MPRegen  0.13/turn              (no ring)

@: berserking (expiring), lethally poisoned (-12 -> -12), very slow
A: breathe noxious fumes, unfitting armour, poison resistance, cold-blooded, AC
+6
a: Breathe Noxious Fumes, Renounce Religion, Bend Time


You were on level 5 of the Dungeon.
You worshipped Cheibriados.
Cheibriados was pleased with you.
You visited 1 branch of the dungeon, and saw 5 of its levels.

You collected 291 gold pieces.

Inventory:

Hand Weapons
 e - a +1 short sword of venom (weapon)
Armour
 a - a +1 pair of boots (worn)
 n - a +0 cloak (worn)
Scrolls
 c - a scroll of magic mapping {unknown}
 f - a scroll of remove curse
 g - a scroll of amnesia
 j - a scroll of identify
 k - a scroll of fear {unknown}
 l - a scroll of immolation {unknown}
 o - a scroll of blinking
 p - a scroll of teleportation {unknown}
 q - a scroll of fog {unknown}
Potions
 d - a potion of brilliance
 i - 3 potions of mutation {unknown}
 m - a potion of flight {unknown}
 r - a potion of invisibility {unknown}


   Skills:
 * Level 1.6 Fighting
 + Level 2.1 Short Blades
 + Level 2.1 Dodging
 - Level 1.7 Stealth
 - Level 0.1 Unarmed Combat
 * Level 3.8 Spellcasting
 * Level 2.2 Transmutations
 * Level 1.6 Fire Magic
 + Level 1.0 Air Magic
 * Level 5.6 Poison Magic
 * Level 2.4 Invocations


You had 4 spell levels left.
You knew the following spells:

 Your Spells              Type           Power        Failure   Level
a - Sting                 Tmut/Pois      84%          2%          1
b - Poisonous Vapours     Pois/Air       38%          4%          2
c - Ignite Poison         Fire/Tmut/Pois 18%          10%         3
d - Mephitic Cloud        Conj/Pois/Air  14%          14%         3

Your spell library contained the following spells:

 Spells                   Type           Power        Failure   Level
 Olgreb's Toxic Radiance  Pois           29%          11%         4


Dungeon Overview and Level Annotations

Branches:
Dungeon (5/15)
 Temple: D:4-7

Altars:
Cheibriados
The Shining One


Innate Abilities, Weirdness & Mutations

You can breathe blasts of noxious fumes.
Your lurid green scales are hard. (AC +6)
You cannot fit into any form of body armour.
Your system is resistant to poisons. (rPois)
You are cold-blooded and may be slowed by cold attacks.


Message History

You closely miss the adder. You tail-slap the adder.
You kill the adder!
Cheibriados thoroughly appreciates the change of pace.
The phantom misses you.
You puncture the jackal!
You kill the jackal!
Cheibriados appreciates the change of pace.
The phantom hits you.
* * * LOW HITPOINT WARNING * * *
The phantom blinks!
The jackal barely misses you.
You hit the jackal. You tail-slap the jackal.
You kill the jackal!
Cheibriados thoroughly appreciates the change of pace.
The phantom blinks!
You hit the ogre.
The ogre is poisoned.
The ogre is moderately wounded.
* * * LOW HITPOINT WARNING * * *
You feel sick.
The ogre hits you with a cursed -1 giant spiked club!
You die...

#...# ##....#
###.....#
###..$....#
#.#.......#######
#.......... ...
##........###§#
#......§..oO@# #
##........O.###
#.#..........Z.#
#........#......#
.........#..##...#
...........<#
#....
...........##
#.... ...........#
....
.............. ...


You could see 2 ogres and an orc.

Vanquished Creatures
  A howler monkey (D:4)
  A bullfrog zombie (D:5)
  A hound (D:2)
  An orc priest (D:2)
  An orc wizard (D:3)
  A centaur skeleton (D:4)
  A gnoll shaman (D:4)
  2 iguanas (D:4)
  2 worker ants (D:4)
  5 gnolls (D:4)
  5 adders
  A white imp (D:5)
  4 oozes
  3 worms
  4 dart slugs
  3 leopard geckos
  12 orcs
  3 ball pythons
  3 giant cockroaches
  7 goblins
  10 hobgoblins
  8 jackals
  5 kobolds
  A quokka (D:3)
  5 bats
  5 frilled lizards
  7 rats
102 creatures vanquished.

Notes
Turn   | Place    | Note
-------+----------+-------------------------------------------
     0 | D:1      | Revguard the Draconian Venom Mage began the quest for the
                  | Orb.
     0 | D:1      | Reached XP level 1. HP: 14/14 MP: 3/3
   200 | D:1      | Reached XP level 2. HP: 14/20 MP: 0/5
   203 | D:1      | Learned a level 2 spell: Poisonous Vapours
   856 | D:1      | Reached XP level 3. HP: 27/27 MP: 4/6
  1422 | D:2      | Reached skill level 4 in Poison Magic
  1618 | D:2      | Found a snail-covered altar of Cheibriados.
  1642 | D:2      | Became a worshipper of Cheibriados the Contemplative
  1775 | D:2      | Learned a level 3 spell: Ignite Poison
  2004 | D:2      | Reached XP level 4. HP: 34/34 MP: 3/8
  2034 | D:2      | Reached skill level 1 in Fighting
  2494 | D:2      | Found a glowing golden altar of the Shining One.
  2513 | D:2      | Reached XP level 5. HP: 35/40 MP: 2/9
  3103 | D:3      | Reached skill level 1 in Invocations
  3386 | D:3      | Reached * piety under Cheibriados
  3876 | D:3      | Reached skill level 1 in Air Magic
  4009 | D:3      | Learned a level 3 spell: Mephitic Cloud
  4188 | D:3      | Reached ** piety under Cheibriados
  4636 | D:4      | Reached skill level 1 in Fire Magic
  4636 | D:4      | Reached XP level 6. HP: 47/47 MP: 1/11
  4849 | D:4      | Reached skill level 1 in Short Blades
  5726 | D:5      | Entered Level 5 of the Dungeon
  5761 | D:5      | Your scales start taking on a lurid green colour.
  5761 | D:5      | Reached skill level 5 in Poison Magic
  5761 | D:5      | Reached XP level 7. HP: 7/53 MP: 3/12
  5761 | D:5      | Gained mutation: Your system is resistant to poisons.
                  | (rPois) [Green Draconian growth]
  5763 | D:5      | HP: 2/79 [phantom (4)]
  5765 | D:5      | Mangled by an ogre

Illustrated notes

Levels and vault maps discovered:
D:1:      dpeg_arrival_rooms_b, layout_loops_cross, minmay_misc_feat_enclosed
D:2:      cheibrodos_pilgrimage, layout_basic, tso_metal_star,
          cheibriados_altar_1, kennysheep_decorative_pillar
D:3:      layout_loops_corners
D:4:      layout_loops_ring
D:5:      layout_layer_cave

Skill      XL: |  1  2  3  4  5  6 |
---------------+-------------------+-----
Poison Magic   | 4 5 |  5.6
Fighting       | 1 |  1.6
Spellcasting   | 3 |  3.8
Invocations    | 1 2 |  2.4
Air Magic      | 1 |  1.0
Dodging        | 2 |  2.1
Fire Magic     | 1 |  1.6
Short Blades   | 2 |  2.1
Transmutations | 2 |  2.2
Stealth        | |  1.7
Unarmed Combat | |  0.1

Action                   |  1- 3 |  4- 6 |  7- 9 || total
-------------------------+-------+-------+-------++-------
Melee: Unarmed           |    32 |    25 |       ||    57
       Tailslap          |     4 |    17 |     2 ||    23
       Short sword       |       |    87 |     5 ||    92
 Cast: Sting             |    40 |    42 |       ||    82
       Poisonous Vapours |    17 |    24 |       ||    41
       Ignite Poison     |       |     9 |       ||     9
       Mephitic Cloud    |       |     3 |       ||     3
Invok: Bend Time         |       |     1 |       ||     1
  Use: Scroll            |       |     5 |       ||     5
       Potion            |       |     5 |       ||     5
 Stab: Sleeping          |       |     1 |       ||     1
Armor: Skin              |    17 |    74 |     1 ||    92
Dodge: Dodged            |    36 |   145 |     2 ||   183
